Panthers vs Sabres

Created - April 14 2010 at 18:22

Goals
1 2 3 T
Panthers 1 1 0 2
Sabres 2 1 2 5
Shots
1 2 3 T
Panthers 5 8 10 23
Sabres 8 14 9 31

Period #1

1. Sabres , Kim Johnsson 2 (Tuomo Ruutu, Dennis Wideman) at 3:28 (PP)
2. Sabres , Marc Savard 1 (Johan Franzen) at 9:33
3. Panthers , Jiri Hudler 1 (Andrew Brunette, Anze Kopitar) at 12:47

Penalties :
Bryan Little (FLA) for Cross-checking (Minor) at 3:10, Paul Gaustad (BUF) for High sticking (Minor) at 4:06, Anze Kopitar (FLA) for Hooking (Minor) at 10:09, Stephane Robidas (FLA) for Cross-checking (Minor) at 16:53

Period #2

4. Panthers , Jiri Hudler 2 (Rich Peverley, Stephane Robidas) at 6:09 (PP)
5. Sabres , Marc Savard 2 (Andy Sutton, Kim Johnsson) at 11:54

Penalties :
Stephane Robidas (FLA) for Diving (Minor) at 1:08, Niklas Kronwall (BUF) for Hooking (Minor) at 6:03, Brad Stuart (FLA) for Cross-checking (Minor) at 6:43, Andy Sutton (BUF) for Hooking (Minor) at 9:21, Stephane Robidas (FLA) for Holding (Minor) at 15:08, Marcel Goc (FLA) for Roughing (Minor) at 18:18

Period #3

6. Sabres , Dmitri Kalinin 1 (Paul Gaustad, Nicklas Lidstrom) at 0:59
7. Sabres , Marc Savard 3 (Kris Versteeg) at 14:31

Penalties :
Paul Gaustad (BUF) for Holding (Minor) at 5:10, Marc Savard (BUF) for Interference (Minor) at 7:51, Aaron Johnson (FLA) for Holding (Minor) at 7:51, Niklas Kronwall (BUF) for Slashing (Minor) at 15:44

Goalie Stats

Rick Dipietro (FLA), 26 saves from 31 shots - (0.839), L, 1-4-0, 60:00 minutes
Ryan Miller (BUF), 21 saves from 23 shots - (0.913), W, 4-1-0, 60:00 minutes

Players Stats

Panthers
Player Name              G  A  P  +/- PIM S  H  SB FO    MP 
------------------------------------------------------------
Aaron Johnson            0  0  0  -3  2   0  2  2  0/0   17 
Alexander Frolov         0  0  0   0  0   1  0  0  0/1   20 
Andrew Brunette          0  1  1   1  0   0  1  0  0/0   14 
Anze Kopitar             0  1  1   1  2   4  2  1  15/25 18 
Brad Stuart              0  0  0   0  2   1  0  1  0/0   18 
Brian Rafalski           0  0  0   0  0   2  0  1  0/0   21 
Bryan Little             0  0  0   0  2   1  0  1  0/0   13 
Fabian Brunnstrom        0  0  0  -3  0   0  0  0  0/1   12 
Frans Nielsen            0  0  0  -3  0   0  0  0  7/18  18 
Jason Chimera            0  0  0  -3  0   1  0  0  0/0   17 
Jiri Hudler              2  0  2   1  0   5  1  0  0/0   15 
Josh Gorges              0  0  0  -3  0   2  1  0  0/0   19 
Marc-Andre Bergeron      0  0  0  -1  0   3  0  0  0/0   22 
Marcel Goc               0  0  0  -1  2   0  2  0  10/18 12 
Maxim Afinogenov         0  0  0  -1  0   1  0  0  0/0   8  
Rich Peverley            0  1  1   1  0   0  2  0  11/20 15 
Stephane Robidas         0  1  1   0  6   0  3  1  0/0   19 
Todd Bertuzzi            0  0  0  -1  0   2  0  0  0/0   8  
Sabres
Player Name              G  A  P  +/- PIM S  H  SB FO    MP 
------------------------------------------------------------
Andy Sutton              0  1  1   3  2   0  4  0  0/0   9  
Ben Guite                0  0  0   0  0   1  0  0  6/16  13 
Dennis Wideman           0  1  1   0  0   4  0  2  0/0   21 
Dmitri Kalinin           1  0  1   0  0   1  3  0  0/0   13 
Henrik Zetterberg        0  0  0   0  0   4  1  2  10/23 21 
Johan Franzen            0  1  1   3  0   2  2  0  1/3   19 
Kim Johnsson             1  1  2   3  0   1  0  1  0/0   14 
Kris Versteeg            0  1  1   3  0   1  0  0  1/2   13 
Marc Savard              3  0  3   3  2   6  1  0  12/17 15 
Martin Havlat            0  0  0   0  0   2  0  0  0/1   13 
Martin St. Louis         0  0  0   0  0   1  0  0  0/0   21 
Mike Richards            0  0  0   0  0   0  2  0  9/18  14 
Nicklas Lidstrom         0  1  1   0  0   2  0  0  0/0   24 
Niklas Kronwall          0  0  0   0  4   1  6  0  0/0   21 
Paul Gaustad             0  1  1   0  4   2  3  0  0/1   13 
Rob Niedermayer          0  0  0   0  0   2  0  0  0/1   13 
Tuomo Ruutu              0  1  1   0  0   0  3  0  1/1   15 
Zdeno Chara              0  0  0   0  0   1  1  2  0/0   18 

3 Stars

1 - Marc Savard (BUF)
2 - Jiri Hudler (FLA)
3 - Kim Johnsson (BUF)

Power Play

Panthers - 1 on 5 Attempt(s) - 20.00%
Sabres - 1 on 7 Attempt(s) - 14.29%

Penalty Kill

Panthers - 6 on 7 Attempt(s) - 85.71% - Score 0 goal in Penalty Kill
Sabres - 4 on 5 Attempt(s) - 80.00% - Score 0 goal in Penalty Kill

Game Notes

Marc Savard has scored a Hat Trick!

Finance

Level 1 -- Attendance: 6500 (100.00%) -- Ticket Income $598,000.00
Level 2 -- Attendance: 4555 (91.10%) -- Ticket Income $264,190.00
Level 3 -- Attendance: 3206 (91.60%) -- Ticket Income $118,622.00
Level 4 -- Attendance: 2459 (91.41%) -- Ticket Income $54,098.00
Luxury Box -- Attendance: 923 (92.30%) -- Ticket Income $183,677.00
Game was played at the HSBC Arena
Total Attendance: 17643 (94.40%)
Total Ticket Income: $1,316,487.00
Other Income: $394,946.18
Total Income: $1,711,433.00


Play by Play

Period #1

0:01 of 1st period - Anze Kopitar wins face-off versus Martin Havlat in neutral zone.
2:10 of 1st period - Fabian Brunnstrom is hit by Niklas Kronwall and loses puck.
3:10 of 1st period - Minor Penalty to Bryan Little for Cross-checking.
3:11 of 1st period - Marc Savard wins face-off versus Anze Kopitar in Panthers zone.
3:24 of 1st period - Shot by Dennis Wideman.
3:24 of 1st period - Shot Blocked by Anze Kopitar.
3:26 of 1st period - Shot by Tuomo Ruutu.
3:26 of 1st period - Shot Blocked by Brad Stuart.
3:28 of 1st period - Shot by Kim Johnsson.
3:28 of 1st period - Goal by Kim Johnsson - Panthers : 0 - Sabres : 1.
3:29 of 1st period - Marcel Goc wins face-off versus Ben Guite in neutral zone.
3:34 of 1st period - Shot by Maxim Afinogenov.
3:34 of 1st period - Deflect By Todd Bertuzzi.
3:34 of 1st period - Stopped by Ryan Miller without a rebound.
3:35 of 1st period - Marc Savard wins face-off versus Rich Peverley in Sabres zone.
3:35 of 1st period - Marc Savard is hit by Rich Peverley.
3:52 of 1st period - Henrik Zetterberg is hit by Stephane Robidas and loses puck.
4:01 of 1st period - Shot by Kris Versteeg.
4:01 of 1st period - Stopped by Rick Dipietro without a rebound.
4:02 of 1st period - Anze Kopitar wins face-off versus Ben Guite in Panthers zone.
4:06 of 1st period - Minor Penalty to Paul Gaustad for High sticking.
4:07 of 1st period - Mike Richards wins face-off versus Anze Kopitar in Sabres zone.
4:07 of 1st period - Mike Richards is hit by Anze Kopitar.
4:19 of 1st period - Shot by Henrik Zetterberg.
4:19 of 1st period - Shot Blocked by Brian Rafalski.
5:11 of 1st period - Shot by Josh Gorges.
5:11 of 1st period - Stopped by Ryan Miller with a rebound.
5:13 of 1st period - Shot by Josh Gorges.
5:13 of 1st period - Shot Misses the Net.
5:17 of 1st period - Shot by Stephane Robidas.
5:17 of 1st period - Shot Misses the Net.
5:19 of 1st period - Shot by Jiri Hudler.
5:19 of 1st period - Shot Blocked by Zdeno Chara.
5:59 of 1st period - Shot by Anze Kopitar.
5:59 of 1st period - Stopped by Ryan Miller without a rebound.
6:00 of 1st period - Anze Kopitar wins face-off versus Mike Richards in Sabres zone.
6:10 of 1st period - Icing by Nicklas Lidstrom.
6:11 of 1st period - Ben Guite wins face-off versus Fabian Brunnstrom in Sabres zone.
7:17 of 1st period - Shot by Rich Peverley.
7:17 of 1st period - Shot Misses the Net.
7:33 of 1st period - Shot by Jiri Hudler.
7:33 of 1st period - Stopped by Ryan Miller without a rebound.
7:34 of 1st period - Marc Savard wins face-off versus Marcel Goc in Sabres zone.
8:09 of 1st period - Andy Sutton is hit by Marcel Goc and loses puck.
9:03 of 1st period - Icing by Marc-Andre Bergeron.
9:04 of 1st period - Marcel Goc wins face-off versus Mike Richards in Panthers zone.
9:23 of 1st period - Shot by Martin Havlat.
9:23 of 1st period - Stopped by Rick Dipietro without a rebound.
9:24 of 1st period - Marc Savard wins face-off versus Frans Nielsen in Panthers zone.
9:33 of 1st period - Shot by Marc Savard.
9:33 of 1st period - Goal by Marc Savard - Panthers : 0 - Sabres : 2.
9:34 of 1st period - Henrik Zetterberg wins face-off versus Frans Nielsen in neutral zone.
9:50 of 1st period - Shot by Henrik Zetterberg.
9:50 of 1st period - Stopped by Rick Dipietro without a rebound.
9:51 of 1st period - Ben Guite wins face-off versus Alexander Frolov in Panthers zone.
9:56 of 1st period - Shot by Paul Gaustad.
9:56 of 1st period - Stopped by Rick Dipietro without a rebound.
9:57 of 1st period - Anze Kopitar wins face-off versus Johan Franzen in Panthers zone.
10:02 of 1st period - Shot by Alexander Frolov.
10:02 of 1st period - Deflect By Bryan Little.
10:02 of 1st period - Shot Blocked by Kim Johnsson.
10:09 of 1st period - Minor Penalty to Anze Kopitar for Hooking.
10:10 of 1st period - Henrik Zetterberg wins face-off versus Frans Nielsen in Panthers zone.
11:06 of 1st period - Shot by Marc Savard.
11:06 of 1st period - Shot Misses the Net.
11:38 of 1st period - Shot by Josh Gorges.
11:38 of 1st period - Shot Misses the Net.
11:57 of 1st period - Henrik Zetterberg is hit by Aaron Johnson and loses puck.
12:09 of 1st period - Icing by Henrik Zetterberg.
12:10 of 1st period - Rich Peverley wins face-off versus Ben Guite in Sabres zone.
12:17 of 1st period - Shot by Rich Peverley.
12:17 of 1st period - Shot Misses the Net.
12:47 of 1st period - Shot by Andrew Brunette.
12:47 of 1st period - Deflect By Jiri Hudler.
12:47 of 1st period - Goal by Jiri Hudler - Panthers : 1 - Sabres : 2.
12:48 of 1st period - Marc Savard wins face-off versus Frans Nielsen in neutral zone.
14:46 of 1st period - Shot by Rob Niedermayer.
14:46 of 1st period - Stopped by Rick Dipietro without a rebound.
14:47 of 1st period - Johan Franzen wins face-off versus Anze Kopitar in Panthers zone.
15:29 of 1st period - Off-side.
15:30 of 1st period - Frans Nielsen wins face-off versus Rob Niedermayer in neutral zone.
15:30 of 1st period - Jason Chimera is hit by Paul Gaustad and loses puck.
15:59 of 1st period - Shot by Paul Gaustad.
15:59 of 1st period - Deflect By Rob Niedermayer.
15:59 of 1st period - Stopped by Rick Dipietro without a rebound.
16:00 of 1st period - Rich Peverley wins face-off versus Henrik Zetterberg in Panthers zone.
16:02 of 1st period - Icing by Anze Kopitar.
16:03 of 1st period - Henrik Zetterberg wins face-off versus Rich Peverley in Panthers zone.
16:07 of 1st period - Martin St. Louis is hit by Stephane Robidas and loses puck.
16:34 of 1st period - Shot by Henrik Zetterberg.
16:34 of 1st period - Shot Misses the Net.
16:53 of 1st period - Minor Penalty to Stephane Robidas for Cross-checking.
16:54 of 1st period - Marcel Goc wins face-off versus Mike Richards in Panthers zone.
17:52 of 1st period - Tuomo Ruutu is hit by Josh Gorges and loses puck.
19:36 of 1st period - Icing by Dmitri Kalinin.
19:37 of 1st period - Ben Guite wins face-off versus Frans Nielsen in Sabres zone.

Period #2

0:01 of 2nd period - Mike Richards wins face-off versus Anze Kopitar in neutral zone.
0:04 of 2nd period - Shot by Martin Havlat.
0:04 of 2nd period - Shot Misses the Net.
0:35 of 2nd period - Shot by Mike Richards.
0:35 of 2nd period - Shot Hit the Post.
1:08 of 2nd period - Minor Penalty to Stephane Robidas for Diving.
1:09 of 2nd period - Marc Savard wins face-off versus Marcel Goc in Panthers zone.
1:24 of 2nd period - Shot by Niklas Kronwall.
1:24 of 2nd period - Stopped by Rick Dipietro without a rebound.
1:25 of 2nd period - Marc Savard wins face-off versus Marcel Goc in Panthers zone.
1:50 of 2nd period - Shot by Nicklas Lidstrom.
1:50 of 2nd period - Shot Misses the Net.
3:32 of 2nd period - Shot by Paul Gaustad.
3:32 of 2nd period - Stopped by Rick Dipietro with a rebound.
3:36 of 2nd period - Shot by Ben Guite.
3:36 of 2nd period - Shot Misses the Net.
3:38 of 2nd period - Shot by Ben Guite.
3:38 of 2nd period - Shot Misses the Net.
3:40 of 2nd period - Shot by Ben Guite.
3:40 of 2nd period - Stopped by Rick Dipietro without a rebound.
3:41 of 2nd period - Anze Kopitar wins face-off versus Kris Versteeg in Panthers zone.
4:31 of 2nd period - Kris Versteeg is hit by Aaron Johnson and loses puck.
4:41 of 2nd period - Icing by Kim Johnsson.
4:42 of 2nd period - Marc Savard wins face-off versus Marcel Goc in Sabres zone.
4:42 of 2nd period - Marc Savard is hit by Marcel Goc.
4:58 of 2nd period - Shot by Brian Rafalski.
4:58 of 2nd period - Stopped by Ryan Miller with a rebound.
5:00 of 2nd period - Shot by Marcel Goc.
5:00 of 2nd period - Shot Blocked by Henrik Zetterberg.
5:02 of 2nd period - Shot by Marc-Andre Bergeron.
5:02 of 2nd period - Deflect By Maxim Afinogenov.
5:02 of 2nd period - Stopped by Ryan Miller without a rebound.
5:03 of 2nd period - Ben Guite wins face-off versus Frans Nielsen in Sabres zone.
6:03 of 2nd period - Minor Penalty to Niklas Kronwall for Hooking.
6:04 of 2nd period - Rich Peverley wins face-off versus Henrik Zetterberg in Sabres zone.
6:09 of 2nd period - Shot by Jiri Hudler.
6:09 of 2nd period - Goal by Jiri Hudler - Panthers : 2 - Sabres : 2.
6:10 of 2nd period - Henrik Zetterberg wins face-off versus Anze Kopitar in neutral zone.
6:24 of 2nd period - Shot by Anze Kopitar.
6:24 of 2nd period - Deflect By Alexander Frolov.
6:24 of 2nd period - Shot Blocked by Dennis Wideman.
6:26 of 2nd period - Shot by Brian Rafalski.
6:26 of 2nd period - Shot Misses the Net.
6:43 of 2nd period - Minor Penalty to Brad Stuart for Cross-checking.
6:44 of 2nd period - Henrik Zetterberg wins face-off versus Marcel Goc in Panthers zone.
7:03 of 2nd period - Shot by Niklas Kronwall.
7:03 of 2nd period - Deflect By Martin Havlat.
7:03 of 2nd period - Stopped by Rick Dipietro without a rebound.
7:04 of 2nd period - Frans Nielsen wins face-off versus Marc Savard in Panthers zone.
7:35 of 2nd period - Shot by Dennis Wideman.
7:35 of 2nd period - Stopped by Rick Dipietro without a rebound.
7:36 of 2nd period - Marcel Goc wins face-off versus Henrik Zetterberg in Panthers zone.
8:24 of 2nd period - Shot by Dennis Wideman.
8:24 of 2nd period - Stopped by Rick Dipietro with a rebound.
8:26 of 2nd period - Shot by Marc Savard.
8:26 of 2nd period - Shot Misses the Net.
8:28 of 2nd period - Shot by Marc Savard.
8:28 of 2nd period - Shot Blocked by Stephane Robidas.
8:30 of 2nd period - Shot by Martin St. Louis.
8:30 of 2nd period - Stopped by Rick Dipietro with a rebound.
8:32 of 2nd period - Shot by Dennis Wideman.
8:32 of 2nd period - Stopped by Rick Dipietro without a rebound.
8:33 of 2nd period - Mike Richards wins face-off versus Marcel Goc in Panthers zone.
8:56 of 2nd period - Shot by Jiri Hudler.
8:56 of 2nd period - Shot Misses the Net.
8:58 of 2nd period - Shot by Rich Peverley.
8:58 of 2nd period - Shot Misses the Net.
9:00 of 2nd period - Shot by Marc-Andre Bergeron.
9:00 of 2nd period - Stopped by Ryan Miller without a rebound.
9:01 of 2nd period - Anze Kopitar wins face-off versus Marc Savard in Sabres zone.
9:21 of 2nd period - Minor Penalty to Andy Sutton for Hooking.
9:22 of 2nd period - Rich Peverley wins face-off versus Mike Richards in Sabres zone.
9:48 of 2nd period - Icing by Stephane Robidas.
9:49 of 2nd period - Rich Peverley wins face-off versus Henrik Zetterberg in Panthers zone.
9:53 of 2nd period - Icing by Stephane Robidas.
9:54 of 2nd period - Mike Richards wins face-off versus Rich Peverley in Panthers zone.
10:39 of 2nd period - Shot by Anze Kopitar.
10:39 of 2nd period - Stopped by Ryan Miller without a rebound.
10:40 of 2nd period - Kris Versteeg wins face-off versus Anze Kopitar in Sabres zone.
10:45 of 2nd period - Alexander Frolov is hit by Henrik Zetterberg and loses puck.
11:00 of 2nd period - Shot by Anze Kopitar.
11:00 of 2nd period - Stopped by Ryan Miller without a rebound.
11:01 of 2nd period - Rich Peverley wins face-off versus Mike Richards in Sabres zone.
11:40 of 2nd period - Shot by Fabian Brunnstrom.
11:40 of 2nd period - Shot Misses the Net.
11:54 of 2nd period - Shot by Marc Savard.
11:54 of 2nd period - Goal by Marc Savard - Panthers : 2 - Sabres : 3.
11:55 of 2nd period - Marcel Goc wins face-off versus Ben Guite in neutral zone.
11:55 of 2nd period - Marcel Goc is hit by Paul Gaustad.
12:28 of 2nd period - Icing by Ben Guite.
12:29 of 2nd period - Anze Kopitar wins face-off versus Paul Gaustad in Sabres zone.
12:29 of 2nd period - Anze Kopitar is hit by Dmitri Kalinin.
12:39 of 2nd period - Shot by Anze Kopitar.
12:39 of 2nd period - Stopped by Ryan Miller without a rebound.
12:40 of 2nd period - Henrik Zetterberg wins face-off versus Rich Peverley in Sabres zone.
12:44 of 2nd period - Off-side.
12:45 of 2nd period - Tuomo Ruutu wins face-off versus Frans Nielsen in neutral zone.
13:28 of 2nd period - Shot by Henrik Zetterberg.
13:28 of 2nd period - Stopped by Rick Dipietro without a rebound.
13:29 of 2nd period - Anze Kopitar wins face-off versus Marc Savard in Panthers zone.
13:29 of 2nd period - Anze Kopitar is hit by Marc Savard.
13:59 of 2nd period - Shot by Johan Franzen.
13:59 of 2nd period - Shot Misses the Net.
14:01 of 2nd period - Shot by Andy Sutton.
14:01 of 2nd period - Shot Blocked by Bryan Little.
14:03 of 2nd period - Shot by Marc Savard.
14:03 of 2nd period - Stopped by Rick Dipietro without a rebound.
14:04 of 2nd period - Rich Peverley wins face-off versus Ben Guite in Panthers zone.
14:04 of 2nd period - Rich Peverley is hit by Paul Gaustad.
14:30 of 2nd period - Shot by Rob Niedermayer.
14:30 of 2nd period - Deflect By Paul Gaustad.
14:30 of 2nd period - Shot Misses the Net.
14:58 of 2nd period - Marc-Andre Bergeron is hit by Tuomo Ruutu and loses puck.
15:08 of 2nd period - Minor Penalty to Stephane Robidas for Holding.
15:09 of 2nd period - Marcel Goc wins face-off versus Henrik Zetterberg in Panthers zone.
15:15 of 2nd period - Icing by Zdeno Chara.
15:16 of 2nd period - Marcel Goc wins face-off versus Henrik Zetterberg in Sabres zone.
15:49 of 2nd period - Shot by Johan Franzen.
15:49 of 2nd period - Shot Misses the Net.
15:51 of 2nd period - Shot by Zdeno Chara.
15:51 of 2nd period - Stopped by Rick Dipietro with a rebound.
16:14 of 2nd period - Brad Stuart is hit by Johan Franzen and loses puck.
16:31 of 2nd period - Brad Stuart is hit by Tuomo Ruutu and loses puck.
16:56 of 2nd period - Shot by Dennis Wideman.
16:56 of 2nd period - Stopped by Rick Dipietro with a rebound.
17:00 of 2nd period - Shot by Martin St. Louis.
17:00 of 2nd period - Shot Misses the Net.
17:02 of 2nd period - Shot by Nicklas Lidstrom.
17:02 of 2nd period - Stopped by Rick Dipietro without a rebound.
17:03 of 2nd period - Marc Savard wins face-off versus Marcel Goc in Panthers zone.
17:06 of 2nd period - Shot by Dennis Wideman.
17:06 of 2nd period - Shot Blocked by Aaron Johnson.
17:27 of 2nd period - Andrew Brunette is hit by Dmitri Kalinin and loses puck.
17:48 of 2nd period - Shot by Marc-Andre Bergeron.
17:48 of 2nd period - Stopped by Ryan Miller without a rebound.
17:49 of 2nd period - Mike Richards wins face-off versus Marcel Goc in Sabres zone.
17:53 of 2nd period - Icing by Martin Havlat.
17:54 of 2nd period - Marcel Goc wins face-off versus Johan Franzen in Sabres zone.
18:15 of 2nd period - Shot by Marc-Andre Bergeron.
18:15 of 2nd period - Shot Misses the Net.
18:18 of 2nd period - Minor Penalty to Marcel Goc for Roughing.
18:19 of 2nd period - Marc Savard wins face-off versus Anze Kopitar in Panthers zone.
18:32 of 2nd period - Shot by Marc Savard.
18:32 of 2nd period - Shot Blocked by Aaron Johnson.
18:52 of 2nd period - Shot by Martin St. Louis.
18:52 of 2nd period - Deflect By Marc Savard.
18:52 of 2nd period - Shot Misses the Net.
19:17 of 2nd period - Icing by Henrik Zetterberg.
19:18 of 2nd period - Anze Kopitar wins face-off versus Henrik Zetterberg in Sabres zone.

Period #3

0:01 of 3rd period - Henrik Zetterberg wins face-off versus Frans Nielsen in neutral zone.
0:27 of 3rd period - Shot by Paul Gaustad.
0:27 of 3rd period - Shot Misses the Net.
0:57 of 3rd period - Shot by Paul Gaustad.
0:57 of 3rd period - Shot Misses the Net.
0:59 of 3rd period - Shot by Dmitri Kalinin.
0:59 of 3rd period - Goal by Dmitri Kalinin - Panthers : 2 - Sabres : 4.
1:00 of 3rd period - Henrik Zetterberg wins face-off versus Frans Nielsen in neutral zone.
1:28 of 3rd period - Shot by Jason Chimera.
1:28 of 3rd period - Stopped by Ryan Miller without a rebound.
1:29 of 3rd period - Anze Kopitar wins face-off versus Marc Savard in Sabres zone.
1:37 of 3rd period - Alexander Frolov is hit by Andy Sutton and loses puck.
1:58 of 3rd period - Shot by Marc Savard.
1:58 of 3rd period - Stopped by Rick Dipietro without a rebound.
1:59 of 3rd period - Ben Guite wins face-off versus Rich Peverley in Panthers zone.
2:17 of 3rd period - Shot by Paul Gaustad.
2:17 of 3rd period - Shot Misses the Net.
2:19 of 3rd period - Shot by Nicklas Lidstrom.
2:19 of 3rd period - Stopped by Rick Dipietro without a rebound.
2:20 of 3rd period - Frans Nielsen wins face-off versus Henrik Zetterberg in Panthers zone.
2:38 of 3rd period - Icing by Niklas Kronwall.
2:39 of 3rd period - Henrik Zetterberg wins face-off versus Anze Kopitar in Sabres zone.
2:57 of 3rd period - Icing by Henrik Zetterberg.
2:58 of 3rd period - Rich Peverley wins face-off versus Henrik Zetterberg in Sabres zone.
3:23 of 3rd period - Martin St. Louis is hit by Stephane Robidas and loses puck.
3:37 of 3rd period - Jiri Hudler is hit by Mike Richards and loses puck.
4:08 of 3rd period - Shot by Johan Franzen.
4:08 of 3rd period - Stopped by Rick Dipietro with a rebound.
4:10 of 3rd period - Shot by Johan Franzen.
4:10 of 3rd period - Stopped by Rick Dipietro without a rebound.
4:11 of 3rd period - Anze Kopitar wins face-off versus Ben Guite in Panthers zone.
4:21 of 3rd period - Icing by Brian Rafalski.
4:22 of 3rd period - Marc Savard wins face-off versus Anze Kopitar in Panthers zone.
5:10 of 3rd period - Minor Penalty to Paul Gaustad for Holding.
5:11 of 3rd period - Rich Peverley wins face-off versus Mike Richards in Sabres zone.
5:12 of 3rd period - Shot by Josh Gorges.
5:12 of 3rd period - Stopped by Ryan Miller without a rebound.
5:13 of 3rd period - Mike Richards wins face-off versus Rich Peverley in Sabres zone.
5:29 of 3rd period - Josh Gorges is hit by Zdeno Chara and loses puck.
6:30 of 3rd period - Shot by Brian Rafalski.
6:30 of 3rd period - Stopped by Ryan Miller without a rebound.
6:31 of 3rd period - Anze Kopitar wins face-off versus Henrik Zetterberg in Sabres zone.
6:37 of 3rd period - Shot by Brad Stuart.
6:37 of 3rd period - Stopped by Ryan Miller without a rebound.
6:38 of 3rd period - Mike Richards wins face-off versus Frans Nielsen in Sabres zone.
6:49 of 3rd period - Shot by Brian Rafalski.
6:49 of 3rd period - Shot Blocked by Dennis Wideman.
6:51 of 3rd period - Shot by Frans Nielsen.
6:51 of 3rd period - Shot Misses the Net.
6:55 of 3rd period - Shot by Alexander Frolov.
6:55 of 3rd period - Shot Misses the Net.
6:57 of 3rd period - Shot by Marc-Andre Bergeron.
6:57 of 3rd period - Shot Misses the Net.
6:59 of 3rd period - Shot by Bryan Little.
6:59 of 3rd period - Shot Misses the Net.
7:01 of 3rd period - Shot by Alexander Frolov.
7:01 of 3rd period - Deflect By Bryan Little.
7:01 of 3rd period - Shot Blocked by Henrik Zetterberg.
7:05 of 3rd period - Shot by Marc-Andre Bergeron.
7:05 of 3rd period - Stopped by Ryan Miller without a rebound.
7:06 of 3rd period - Anze Kopitar wins face-off versus Mike Richards in Sabres zone.
7:13 of 3rd period - Shot by Anze Kopitar.
7:13 of 3rd period - Shot Misses the Net.
7:51 of 3rd period - Minor Penalty to Marc Savard for Interference.
7:51 of 3rd period - Minor Penalty to Aaron Johnson for Holding.
7:52 of 3rd period - Henrik Zetterberg wins face-off versus Rich Peverley in Panthers zone.
8:09 of 3rd period - Shot by Henrik Zetterberg.
8:09 of 3rd period - Stopped by Rick Dipietro without a rebound.
8:10 of 3rd period - Anze Kopitar wins face-off versus Mike Richards in Panthers zone.
8:46 of 3rd period - Alexander Frolov is hit by Niklas Kronwall and loses puck.
8:57 of 3rd period - Brian Rafalski is hit by Niklas Kronwall and loses puck.
10:18 of 3rd period - Frans Nielsen is hit by Andy Sutton.
10:54 of 3rd period - Shot by Todd Bertuzzi.
10:54 of 3rd period - Stopped by Ryan Miller without a rebound.
10:55 of 3rd period - Ben Guite wins face-off versus Rich Peverley in Sabres zone.
10:55 of 3rd period - Ben Guite is hit by Jiri Hudler.
11:06 of 3rd period - Icing by Aaron Johnson.
11:07 of 3rd period - Rich Peverley wins face-off versus Mike Richards in Panthers zone.
11:23 of 3rd period - Shot by Mike Richards.
11:23 of 3rd period - Shot Misses the Net.
11:31 of 3rd period - Martin Havlat is hit by Andrew Brunette and loses puck.
12:33 of 3rd period - Shot by Alexander Frolov.
12:33 of 3rd period - Stopped by Ryan Miller without a rebound.
12:34 of 3rd period - Frans Nielsen wins face-off versus Ben Guite in Sabres zone.
13:18 of 3rd period - Icing by Dmitri Kalinin.
13:19 of 3rd period - Rich Peverley wins face-off versus Ben Guite in Sabres zone.
13:19 of 3rd period - Rich Peverley is hit by Dmitri Kalinin.
13:21 of 3rd period - Shot by Jiri Hudler.
13:21 of 3rd period - Stopped by Ryan Miller without a rebound.
13:22 of 3rd period - Marcel Goc wins face-off versus Henrik Zetterberg in Sabres zone.
13:22 of 3rd period - Marcel Goc is hit by Niklas Kronwall.
13:40 of 3rd period - Shot by Henrik Zetterberg.
13:40 of 3rd period - Stopped by Rick Dipietro with a rebound.
13:55 of 3rd period - Marc-Andre Bergeron is hit by Tuomo Ruutu and loses puck.
14:21 of 3rd period - Icing by Andy Sutton.
14:22 of 3rd period - Marc Savard wins face-off versus Frans Nielsen in Sabres zone.
14:31 of 3rd period - Shot by Marc Savard.
14:31 of 3rd period - Goal by Marc Savard - Panthers : 2 - Sabres : 5.
14:32 of 3rd period - Anze Kopitar wins face-off versus Ben Guite in neutral zone.
15:30 of 3rd period - Shot by Marc Savard.
15:30 of 3rd period - Stopped by Rick Dipietro without a rebound.
15:31 of 3rd period - Frans Nielsen wins face-off versus Henrik Zetterberg in Panthers zone.
15:44 of 3rd period - Minor Penalty to Niklas Kronwall for Slashing.
15:45 of 3rd period - Mike Richards wins face-off versus Rich Peverley in Sabres zone.
16:04 of 3rd period - Shot by Andrew Brunette.
16:04 of 3rd period - Deflect By Jiri Hudler.
16:04 of 3rd period - Shot Misses the Net.
16:08 of 3rd period - Shot by Jiri Hudler.
16:08 of 3rd period - Shot Blocked by Zdeno Chara.
16:47 of 3rd period - Shot by Bryan Little.
16:47 of 3rd period - Stopped by Ryan Miller without a rebound.
16:48 of 3rd period - Mike Richards wins face-off versus Anze Kopitar in Sabres zone.
16:59 of 3rd period - Brian Rafalski is hit by Mike Richards and loses puck.
17:08 of 3rd period - Nicklas Lidstrom is hit by Anze Kopitar and loses puck.
17:44 of 3rd period - Icing by Rich Peverley.
17:45 of 3rd period - Frans Nielsen wins face-off versus Ben Guite in Panthers zone.
17:57 of 3rd period - Icing by Marc-Andre Bergeron.
17:58 of 3rd period - Frans Nielsen wins face-off versus Marc Savard in Panthers zone.
18:00 of 3rd period - Marc-Andre Bergeron is hit by Johan Franzen and loses puck.
18:38 of 3rd period - Andrew Brunette is hit by Andy Sutton.
18:44 of 3rd period - Johan Franzen is hit by Rich Peverley and loses puck.
18:52 of 3rd period - Jiri Hudler is hit by Andy Sutton and loses puck.
19:01 of 3rd period - Shot by Jiri Hudler.
19:01 of 3rd period - Stopped by Ryan Miller without a rebound.
19:02 of 3rd period - Marcel Goc wins face-off versus Henrik Zetterberg in Sabres zone.
19:06 of 3rd period - Maxim Afinogenov is hit by Niklas Kronwall and loses puck.
19:47 of 3rd period - Jason Chimera is hit by Niklas Kronwall.


Output by the SimonT Hockey Simulator (STHS) for Stephane Roy -- Original Page W3C XHTML 1.0 Valid